[Event "Modransky Cup 2025"]
[Site "Modra"]
[Date "2025.02.22"]
[Round "5.7"]
[White "Oruzinsky, Juraj"]
[Black "Veres, Alex"]
[Result "1-0"]
[Annotator "ChessBase"]
[ECO "B22"]
[WhiteElo "2171"]
[BlackElo "1699"]
[PlyCount "27"]
[EventDate "2025.02.20"]
[EventCountry "SVK"]
[SourceTitle "playchess.com"]
[Source "ChessBase"]
[SourceQuality "1"]
[TimeControl "5400+30"]

1. e4 c5 2. c3 d5 3. exd5 Qxd5 4. d4 Nc6 5. Nf3 Bg4 6. Be2 e6 7. O-O Nf6 8. h3 Bf5 9. Be3 cxd4 10. cxd4 Be7 11. Nc3 Qd7 12. Ne5 Nxe5 13. dxe5 Nd5 14. Bb5 1-0

[Event "Modransky Cup 2025"]
[Site "Modra"]
[Date "2025.02.22"]
[Round "5.8"]
[White "Skaraiev, Mykhailo"]
[Black "Hitka, Dominik"]
[Result "0-1"]
[Annotator "NA"]
[ECO "B25"]
[WhiteElo "1980"]
[BlackElo "2099"]
[PlyCount "112"]
[EventDate "2025.02.20"]
[EventCountry "SVK"]
[SourceTitle "playchess.com"]
[Source "ChessBase"]
[SourceQuality "1"]
[TimeControl "5400+30"]

1. Nf3 c5 2. g3 g6 3. Bg2 Bg7 4. O-O Nf6 5. d3 O-O 6. e4 d6 7. Re1 Nc6 8. Nc3 a6 9. a4 Rb8 10. h3 b5 11. axb5 axb5 12. e5 dxe5 13. Nxe5 Nxe5 14. Rxe5 b4 15. Ne2 Nd7 16. Re3 Nb6 17. Ra7 e5 18. g4 Nd5 19. Rg3 Qb6 20. Ra1 Bb7 21. Bd2 Bc6 22. Qc1 Ra8 23. Rb1 Rfe8 24. h4 f6 25. Rh3 Ne7 26. Bxc6 Qxc6 27. Ng3 Qf3 28. Qd1 Qxd1+ 29. Rxd1 Rec8 30. Kg2 Ra2 31. Rb1 Nd5 32. Ne2 c4 33. c3 Bf8 34. dxc4 Rxc4 35. Kf3 e4+ 36. Kg3 Bd6+ 37. Kg2 e3 38. fxe3 bxc3 39. Nxc3 Nxc3 40. Bxc3 Rxc3 41. Kf3 Rb3 42. Rd1 Bc5 43. Ke4 Raxb2 44. Rd8+ Kf7 45. Rd7+ Ke6 46. Rxh7 Re2 47. Rh6 Rexe3+ 48. Rxe3 Rxe3+ 49. Kf4 Kf7 50. Rh7+ Kf8 51. h5 gxh5 52. Rxh5 Re5 53. Rxe5 Bd6 54. Kf5 fxe5 55. g5 Kg7 56. g6 Bb8 0-1

[Event "Modransky Cup 2025"]
[Site "Modra"]
[Date "2025.02.22"]
[Round "5.9"]
[White "Wolak, Jan"]
[Black "Chlpek, Daniel"]
[Result "1/2-1/2"]
[Annotator "NA"]
[ECO "B40"]
[WhiteElo "1762"]
[BlackElo "2039"]
[PlyCount "44"]
[EventDate "2025.02.20"]
[EventCountry "SVK"]
[SourceTitle "playchess.com"]
[Source "ChessBase"]
[SourceQuality "1"]
[TimeControl "5400+30"]

1. e4 c5 2. Nf3 Nc6 3. d4 cxd4 4. Nxd4 Nf6 5. Nc3 e6 6. Nxc6 bxc6 7. Bd3 d5 8. O-O Be7 9. Qe2 O-O 10. Bd2 Nd7 11. Na4 Ne5 12. Rac1 Bd7 13. f4 Nxd3 14. cxd3 Qb8 15. Be3 Qb5 16. Nc5 Bc8 17. e5 a5 18. Rc3 a4 19. Rfc1 Rd8 20. Bd4 Ba6 21. Qc2 Bxc5 22. Rxc5 Qxd3 1/2-1/2

[Event "Modransky Cup 2025"]
[Site "Modra"]
[Date "2025.02.22"]
[Round "5.10"]
[White "Ronaj, Filip"]
[Black "Galla, Richard"]
[Result "0-1"]
[Annotator "NA"]
[ECO "A84"]
[WhiteElo "1746"]
[BlackElo "1960"]
[PlyCount "66"]
[EventDate "2025.02.20"]
[EventCountry "SVK"]
[SourceTitle "playchess.com"]
[Source "ChessBase"]
[SourceQuality "1"]
[TimeControl "5400+30"]

1. c4 f5 2. d4 Nf6 3. Nf3 e6 4. g3 b6 5. Bg2 Bb7 6. O-O Be7 7. Qc2 O-O 8. Nbd2 d6 9. b3 Ne4 10. h4 Nd7 11. Nh2 Ndf6 12. Ndf3 h6 13. Rd1 Qe8 14. d5 e5 15. Rf1 Bc8 16. Bh3 Qh5 17. Kg2 g5 18. hxg5 hxg5 19. Nxg5 Nxg5 20. Bxg5 Qxg5 21. f4 exf4 22. Rxf4 Ne4 23. Qd3 Bd7 24. Raf1 Rf6 25. R1f3 Raf8 26. Kf1 Rh6 27. g4 Rxh3 28. Rxe4 Rxf3+ 29. exf3 fxe4 30. Qxe4 Bf6 31. Qe1 Be5 32. Qf2 Qf4 33. Kg1 Bd4 0-1

[Event "Modransky Cup 2025"]
[Site "Modra"]
[Date "2025.02.22"]
[Round "5.11"]
[White "Povysil, Peter"]
[Black "Hudak, Michal"]
[Result "1-0"]
[Annotator "NA"]
[ECO "D00"]
[WhiteElo "1890"]
[BlackElo "1823"]
[PlyCount "59"]
[EventDate "2025.02.20"]
[EventCountry "SVK"]
[SourceTitle "playchess.com"]
[Source "ChessBase"]
[SourceQuality "1"]
[TimeControl "5400+30"]

1. f4 d5 2. Nf3 Nf6 3. e3 e6 4. d4 c5 5. c3 c4 6. b3 b5 7. a4 Bd7 8. axb5 Bxb5 9. bxc4 dxc4 10. Bxc4 Bxc4 11. Qa4+ Nbd7 12. Qxc4 Be7 13. O-O O-O 14. Qe2 Qc7 15. c4 Nb6 16. c5 Nbd5 17. Bd2 Ne4 18. Ba5 Qb7 19. Na3 Qb3 20. Rfb1 Qxe3+ 21. Qxe3 Nxe3 22. Re1 Nxc5 23. Rxe3 Nb7 24. Nc4 Rfc8 25. Ncd2 Rc6 26. Rb3 Nxa5 27. Rxa5 Bd8 28. Rc5 Rd6 29. Nc4 Rd7 30. Rcb5 1-0

[Event "Modransky Cup 2025"]
[Site "Modra"]
[Date "2025.02.22"]
[Round "5.12"]
[White "Hanzel, Richard"]
[Black "Kukla, Tomas"]
[Result "1-0"]
[Annotator "NA"]
[ECO "D44"]
[WhiteElo "1668"]
[BlackElo "1856"]
[PlyCount "71"]
[EventDate "2025.02.20"]
[EventCountry "SVK"]
[SourceTitle "playchess.com"]
[Source "ChessBase"]
[SourceQuality "1"]
[TimeControl "5400+30"]

1. d4 Nf6 2. c4 c6 3. Nf3 d5 4. Nc3 e6 5. Bg5 dxc4 6. e4 b5 7. e5 h6 8. Bh4 g5 9. Nxg5 hxg5 10. Bxg5 Nbd7 11. g3 Bb7 12. Bg2 Qb6 13. exf6 c5 14. d5 O-O-O 15. O-O b4 16. Rb1 Bh6 17. Bxh6 Rxh6 18. b3 Nxf6 19. bxc4 Qa5 20. Qa4 Qb6 21. Ne4 Nxe4 22. Bxe4 exd5 23. Bxd5 Bxd5 24. cxd5 Rdh8 25. Rfe1 Qc7 26. Re8+ Kb7 27. Rbe1 Rxe8 28. Qxe8 Kb6 29. Re7 Qd6 30. Qxf7 Rf6 31. Rb7+ Ka6 32. Rxa7+ Kb5 33. Qe8+ Kc4 34. Qe2+ Kc3 35. Re7 Qxd5 36. Re3+ 1-0

[Event "Modransky Cup 2025"]
[Site "Modra"]
[Date "2025.02.22"]
[Round "5.14"]
[White "Ondreicka, Roman"]
[Black "Kolibik, Jan"]
[Result "1-0"]
[Annotator "NA"]
[ECO "A05"]
[WhiteElo "1842"]
[BlackElo "1683"]
[PlyCount "53"]
[EventDate "2025.02.20"]
[EventCountry "SVK"]
[SourceTitle "playchess.com"]
[Source "ChessBase"]
[SourceQuality "1"]
[TimeControl "5400+30"]

1. Nf3 Nf6 2. g3 b6 3. Bg2 Bb7 4. d3 g6 5. O-O Bg7 6. c3 O-O 7. e4 d6 8. h3 c5 9. Be3 Nbd7 10. Nh2 d5 11. Nd2 dxe4 12. dxe4 Qc7 13. Qc2 Rad8 14. Rad1 Qb8 15. Rfe1 e5 16. Ndf1 Qa8 17. f3 Nb8 18. Re2 Nc6 19. Red2 Rxd2 20. Rxd2 Rd8 21. Bg5 h6 22. Bxf6 Bxf6 23. Ne3 Rxd2 24. Qxd2 Qd8 25. Nd5 Bg7 26. Ng4 Kh7 27. Nge3 1-0

[Event "Modransky Cup 2025"]
[Site "Modra"]
[Date "2025.02.22"]
[Round "5.16"]
[White "Sekera, Timotej"]
[Black "Hrckova, Anna"]
[Result "0-1"]
[Annotator "NA"]
[ECO "C01"]
[WhiteElo "1802"]
[BlackElo "1655"]
[PlyCount "58"]
[EventDate "2025.02.20"]
[EventCountry "SVK"]
[SourceTitle "playchess.com"]
[Source "ChessBase"]
[SourceQuality "1"]
[TimeControl "5400+30"]

1. e4 e6 2. d4 d5 3. Nd2 c5 4. exd5 exd5 5. Ngf3 Nf6 6. dxc5 Bxc5 7. Bd3 Nc6 8. O-O O-O 9. Nb3 Bb6 10. c3 Bg4 11. h3 Bh5 12. Bg5 h6 13. Bh4 Qd6 14. g4 Nxg4 15. hxg4 Bxg4 16. Be2 Qf4 17. Qd2 Qe4 18. Nbd4 Nxd4 19. Nxd4 Bxe2 20. Qxe2 Qxh4 21. Rad1 Rfe8 22. Qf3 Re5 23. Nf5 Qg5+ 24. Ng3 Rae8 25. Rd3 h5 26. Kh1 h4 27. Rg1 hxg3 28. Rxg3 Qh4+ 29. Kg2 Re2 0-1

[Event "Modransky Cup 2025"]
[Site "Modra"]
[Date "2025.02.22"]
[Round "5.17"]
[White "Pikulik, Roman"]
[Black "Sara, J.S."]
[Result "1-0"]
[Annotator "NA"]
[ECO "C40"]
[WhiteElo "1595"]
[BlackElo "1774"]
[PlyCount "77"]
[EventDate "2025.02.20"]
[EventCountry "SVK"]
[SourceTitle "playchess.com"]
[Source "ChessBase"]
[SourceQuality "1"]
[TimeControl "5400+30"]

1. e4 e5 2. Nf3 f5 3. d3 g6 4. Nxe5 Qe7 5. Nf3 Bg7 6. Be2 fxe4 7. dxe4 Qxe4 8. O-O Ne7 9. Ng5 Qc6 10. Re1 O-O 11. c3 Nf5 12. Qb3+ Kh8 13. Nf7+ Rxf7 14. Qxf7 h5 15. Qe8+ Kh7 16. Bf3 Qc5 17. Qxc8 Nd6 18. Bxb7 Nxc8 19. Bxa8 Nd6 20. Bf3 h4 21. Be3 Qf5 22. h3 Ne4 23. Nd2 Nxd2 24. Bxd2 Nc6 25. Be3 Ne5 26. Be2 Bf8 27. Rad1 d6 28. Bxa7 Bg7 29. Bd4 Qf4 30. b4 c5 31. Be3 Qe4 32. b5 Nc4 33. Bxc4 d5 34. Bd4 Qf4 35. Bxg7 Kxg7 36. Bxd5 g5 37. Be6 Qb8 38. c4 Qa7 39. Rd7+ 1-0

[Event "Modransky Cup 2025"]
[Site "Modra"]
[Date "2025.02.22"]
[Round "5.18"]
[White "Novomeska, Karin"]
[Black "Soldan, Jan"]
[Result "1-0"]
[Annotator "NA"]
[ECO "E04"]
[WhiteElo "2006"]
[BlackElo "1756"]
[PlyCount "57"]
[EventDate "2025.02.20"]
[EventCountry "SVK"]
[SourceTitle "playchess.com"]
[Source "ChessBase"]
[SourceQuality "1"]
[TimeControl "5400+30"]

1. d4 d5 2. c4 e6 3. Nf3 Nf6 4. g3 dxc4 5. Bg2 c5 6. O-O Nc6 7. Be3 Nd5 8. Na3 Nxe3 9. fxe3 cxd4 10. Nxd4 Nxd4 11. exd4 Bxa3 12. Qa4+ b5 13. Qxb5+ Bd7 14. Qh5 g6 15. Qe5 O-O 16. Bxa8 Bxb2 17. Rab1 Qxa8 18. Rxb2 Bc6 19. Rf4 c3 20. Rc2 Rb8 21. Rxc3 Bh1 22. e4 Rb1+ 23. Kf2 Qb7 24. Qc5 Qb2+ 25. Rc2 Qa1 26. Qc8+ Kg7 27. Rxf7+ Kh6 28. Qf8+ Kg5 29. Qe7+ 1-0

[Event "Modransky Cup 2025"]
[Site "Modra"]
[Date "2025.02.22"]
[Round "5.19"]
[White "Grom, Stanislav"]
[Black "Chojnacki, Kevin"]
[Result "1-0"]
[Annotator "NA"]
[ECO "A45"]
[WhiteElo "1846"]
[BlackElo "1643"]
[PlyCount "61"]
[EventDate "2025.02.20"]
[EventCountry "SVK"]
[SourceTitle "playchess.com"]
[Source "ChessBase"]
[SourceQuality "1"]
[TimeControl "5400+30"]

1. d4 Nf6 2. Bf4 c5 3. c3 cxd4 4. cxd4 d6 5. Nf3 g6 6. Nc3 Bg7 7. e4 a6 8. Be2 b5 9. a3 Bb7 10. d5 O-O 11. O-O Nh5 12. Be3 Nd7 13. Rc1 Rc8 14. Nd4 Nhf6 15. b4 Rxc3 16. Rxc3 Nxe4 17. Rc2 Bxd5 18. Nc6 Bxc6 19. Rxc6 Nc3 20. Qc2 Nxe2+ 21. Qxe2 Nb8 22. Bb6 Qd7 23. Rc7 Qf5 24. Rxe7 Be5 25. Rd1 Qf6 26. Ra7 d5 27. Bc5 Re8 28. Qa2 d4 29. g3 Nc6 30. Rxa6 Nxb4 31. axb4 1-0

[Event "Modransky Cup 2025"]
[Site "Modra"]
[Date "2025.02.22"]
[Round "5.20"]
[White "Vorsilka, Jiri"]
[Black "Certik, Jaroslav"]
[Result "1-0"]
[Annotator "NA"]
[ECO "D00"]
[WhiteElo "1653"]
[BlackElo "1579"]
[PlyCount "63"]
[EventDate "2025.02.20"]
[EventCountry "SVK"]
[SourceTitle "playchess.com"]
[Source "ChessBase"]
[SourceQuality "1"]
[TimeControl "5400+30"]

1. d4 d5 2. Nc3 Nf6 3. Bf4 Bf5 4. f3 e6 5. g4 Bg6 6. h4 h6 7. e3 Bb4 8. Bd3 Bxd3 9. Qxd3 Nc6 10. Nge2 Qe7 11. Kf2 O-O-O 12. a3 Bd6 13. Bxd6 Qxd6 14. Nb5 Qe7 15. c4 g5 16. cxd5 Rxd5 17. e4 Rdd8 18. h5 Kb8 19. b4 Ne5 20. Qc2 Nfxg4+ 21. Kg3 Qf6 22. Qxc7+ Ka8 23. dxe5 Nxe5 24. Nbd4 Nxf3 25. Nxf3 Rd3 26. Rhf1 Rg8 27. Rad1 g4 28. Rxd3 gxf3+ 29. Kh3 Qg5 30. Qg3 Qxh5+ 31. Qh4 fxe2 32. Re1 1-0

[Event "Modransky Cup 2025"]
[Site "Modra"]
[Date "2025.02.22"]
[Round "5.21"]
[White "Banas, Kamil"]
[Black "Chlupik Michal"]
[Result "1-0"]
[Annotator "NA"]
[ECO "C01"]
[WhiteElo "1651"]
[BlackElo "1355"]
[PlyCount "91"]
[EventDate "2025.02.20"]
[EventCountry "SVK"]
[SourceTitle "playchess.com"]
[Source "ChessBase"]
[SourceQuality "1"]
[TimeControl "5400+30"]

1. e4 e6 2. d4 d5 3. exd5 exd5 4. Nf3 Nf6 5. Be2 c5 6. O-O Bd6 7. dxc5 Bxc5 8. Bb5+ Nc6 9. Re1+ Be6 10. Be3 Qb6 11. Qd3 O-O 12. Bxc5 Qxc5 13. Nc3 Rad8 14. Rad1 Rfe8 15. Ng5 d4 16. Nce4 Nxe4 17. Nxe4 Qd5 18. Bxc6 Qxc6 19. Qg3 Qxc2 20. Nf6+ Kf8 21. Nxe8 Rxe8 22. Qd6+ Re7 23. Qxd4 b6 24. Qb4 Qc7 25. Rd4 Ke8 26. a3 Qc5 27. Qxc5 bxc5 28. Rd6 c4 29. Red1 f6 30. f3 Kf7 31. Kf2 Rb7 32. R1d2 a5 33. Ra6 Rb5 34. Ke3 Rb3+ 35. Kd4 Rb5 36. Kc3 Rb3+ 37. Kc2 Bf5+ 38. Kc1 c3 39. Rf2 c2 40. Rxa5 Bg6 41. Rxc2 Bxc2 42. Kxc2 Re3 43. Rd5 Ke6 44. Rd3 Re2+ 45. Rd2 Re5 46. b4 1-0

[Event "Modransky Cup 2025"]
[Site "Modra"]
[Date "2025.02.22"]
[Round "5.22"]
[White "Vondruska, Leos"]
[Black "Gonda, Jan"]
[Result "1/2-1/2"]
[Annotator "NA"]
[ECO "B80"]
[WhiteElo "1545"]
[BlackElo "1633"]
[PlyCount "67"]
[EventDate "2025.02.20"]
[EventCountry "SVK"]
[SourceTitle "playchess.com"]
[Source "ChessBase"]
[SourceQuality "1"]
[TimeControl "5400+30"]

1. e4 c5 2. Nf3 d6 3. d4 cxd4 4. Nxd4 e6 5. Nc3 Nf6 6. Bb5+ Nbd7 7. Qe2 Be7 8. O-O O-O 9. Bd2 a6 10. Bxd7 Qxd7 11. Rad1 Qc7 12. Nf3 b5 13. Bf4 Bb7 14. e5 Nd5 15. Nxd5 Bxd5 16. exd6 Bxd6 17. Bxd6 Qxd6 18. b3 Qc7 19. Rd2 Rac8 20. Rc1 Qb7 21. h3 Bxf3 22. Qxf3 Qxf3 23. gxf3 Rfd8 24. Rcd1 Rxd2 25. Rxd2 Kf8 26. Rd6 Ra8 27. Rc6 Ra7 28. a4 bxa4 29. bxa4 Ke7 30. Kf1 Kd7 31. Rc3 Rc7 32. Rd3+ Kc6 33. Rb3 Rb7 34. Rc3+ 1/2-1/2